 Dungeon Crawl Stone Soup version 0.27-a0-1334-g2746e35aca (webtiles) character file.

Game seed: 12256440734703107254

3 Lanoc the Sneak (level 1, -1/16 HPs)
             Began as an Octopode Delver on June 26, 2021.
             Slain by a quokka (3 damage)
             ... on level 4 of the Dungeon.
             The game lasted 00:00:18 (125 turns).

Lanoc the Sneak (Octopode Delver)                    Turns: 125, Time: 00:00:19

Health: -1/16      AC:  1    Str: 11    XL:     1   Next: 50%
Magic:  1/1        EV: 13    Int: 12    God:
Gold:   27         SH:  0    Dex: 13    Spells: 0/0 levels left

rFire    . . .     SeeInvis .   a - +0 short sword
rCold    . . .     Faith    .   (no shield)
rNeg     . . .     Spirit   .   (helmet restricted)
rPois    .         Reflect  .   (no amulet)
rElec    .         Harm     .   (no ring)
rCorr    .         Rampage  .   (no ring)
Will     .....                  (no ring)
Stlth    ++++......             (no ring)
HPRegen  0.05/turn              (no ring)
MPRegen  0.07/turn              (no ring)
                                (no ring)
                                (no ring)

@: no status effects
A: almost no armour, amphibious, 8 rings, camouflage 1, gelatinous body 1,
(nimble swimmer 1), tentacles
a: no special abilities


You were on level 4 of the Dungeon.
You visited 1 branch of the dungeon, and saw 2 of its levels.

You collected 27 gold pieces.

Inventory:

Hand Weapons
 a - a +0 short sword (weapon)
Wands
 f - a wand of digging (3)
Scrolls
 b - a scroll of fog
 c - 2 scrolls of magic mapping
 d - a scroll of fear
 g - a scroll of amnesia {unknown}
Potions
 e - a potion of haste


   Skills:
 + Level 3.0 Fighting
 - Level 2.0 Short Blades
 + Level 2.0 Dodging
 * Level 6.7 Stealth


You couldn't memorise any spells.
You didn't know any spells.
Your spell library was empty.

Dungeon Overview and Level Annotations

Branches:
Dungeon (5/15)
 Temple: D:4-7

Altars:
Qazlal


Innate Abilities, Weirdness & Mutations

You cannot wear most types of armour.
You are amphibious.
You can wear up to eight rings at the same time.
Your skin changes colour to match your surroundings (Stealth+).
Your rubbery body absorbs attacks. (AC +1, EV +1)
((You are camouflaged near water. (Stealth+)))
You have tentacles for arms and can constrict up to eight enemies at once.


Message History

You closely miss the orc. Your grab misses the orc.
You squeeze the orc, but do no damage. The orc misses you.
You barely miss the orc. You grab the orc. You constrict the orc.
The orc hits you with a +0 club.
You hit the orc.
You kill the orc!
Found a ring mail.
You see here a +0 club.
The ball python hisses angrily.
A quokka comes into view.
An orc comes into view. It is wielding a +0 club.
You hit the ball python. You grab the ball python.
The ball python is severely wounded.
You constrict the ball python.
You kill the ball python!
The orc shouts!
You hear a shout!
Found 24 arrows.
You hit the worm. Your grab misses the worm. You squeeze the worm.
The worm is moderately wounded.
The quokka bites you but does no damage.
You barely miss the worm. You grab the worm.
The worm is moderately wounded.
You constrict the worm. The worm barely misses you.
The quokka closely misses you.
You hit the worm.
The worm is heavily wounded.
You constrict the worm. The quokka bites you. The worm bites you.
You hit the worm.
The worm is severely wounded.
You constrict the worm. The quokka barely misses you.
You hit the worm but do no damage.
The worm is almost dead.
You constrict the worm. The quokka bites you.
* * * LOW HITPOINT WARNING * * *
The worm bites you but does no damage.
You hit the worm.
The worm is almost dead.
You constrict the worm. The quokka barely misses you.
The orc closely misses you. The quokka bites you.
You die...

.. .. ... ..(
...########..#.
....#[....#....
.............#
............#
......ow....#
.......@r...#
............#
###.........#
#....)....#
+......$.##
#!#...>.##
#########


You could see a worm, an orc and a quokka.

Vanquished Creatures
  An orc (D:4)
  A ball python (D:4)
2 creatures vanquished.

Notes
Turn   | Place    | Note
-------+----------+-------------------------------------------
     0 | D:5      | Lanoc the Octopode Delver began the quest for the Orb.
     0 | D:5      | Reached XP level 1. HP: 16/16 MP: 1/1
    61 | D:5      | Found a stormy altar of Qazlal.
   125 | D:4      | Slain by a quokka

Illustrated notes

Levels and vault maps discovered:
D:4:      layout_rooms, guppyfry_shop_venom, uniq_grinder
D:5:      layout_basic, grunt_qazlal_sundering, minmay_ogre_servants

Action                   || total
-------------------------++-------
Melee: Short sword       ||    10
       Constrict         ||     3
       Tentacles         ||     2
Armor: Skin              ||     2
Dodge: Dodged            ||     6

Table legend: (Time is in decaauts)
 A = Elapsed time spent in this place.
 B = Non-inter-level travel time spent in this place.
 C = Inter-level travel time spent in this place.
 D = Time resting spent in this place.
 E = Time spent auto-exploring this place.
 F = Levels seen in this place.
 G = Mean time per level.
                   A        B        C        D        E       F      G
               +--------+--------+--------+--------+--------+-----+--------+
         Total |    124 |    124 |      0 |      0 |     98 |   2 |   62.0 |
       Dungeon |    124 |    124 |      0 |      0 |     98 |   2 |   62.0 |
               +--------+--------+--------+--------+--------+-----+--------+

Top non-repeatable levels by time:
     D:5: 110 daAuts
     D:4: 14 daAuts
